 Dungeon Crawl Stone Soup version 0.30-a0-652-gcc886f7154 (webtiles) character file.

Game seed: 17869645202521625938

73 night the Chiller (level 4, -1/32 HPs)
             Began as a Merfolk Ice Elementalist on Jan 17, 2023.
             Slain by an orc warrior
             ... wielding a +0 long sword
              (7 damage)
             ... on level 3 of the Dungeon.
             The game lasted 00:04:23 (1513 turns).

night the Chiller (Merfolk Ice Elementalist)        Turns: 1513, Time: 00:04:24

Health: -1/32      AC:  3    Str:  8    XL:     4   Next: 27%
Magic:  1/7        EV: 13    Int: 16    God:
Gold:   42         SH:  0    Dex: 14    Spells: 3/7 levels left

rFire   . . .      SeeInvis .    i - +0 sling (heavy)
rCold   . . .      Faith    .    (no shield)
rNeg    . . .      Spirit   .    a - +0 robe
rPois   .          Reflect  .    p - +0 helmet
rElec   .          Harm     .    (no cloak)
rCorr   .          Rampage  .    (no gloves)
Will    .....                    (no boots)
Stlth   ++                       (no amulet)
HPRegen 0.25/turn                (no ring)
MPRegen 0.10/turn                (no ring)

@: no status effects
A: (nimble swimmer 2), mertail
a: no special abilities


You were on level 3 of the Dungeon.
You visited 1 branch of the dungeon, and saw 3 of its levels.

You collected 42 gold pieces.

Inventory:

Hand Weapons
 e - a +2 dagger of speed
 f - a +0 spear
 i - a +0 heavy sling (weapon)
 k - a +2 dagger of holy wrath
Missiles
 j - 26 stones
Armour
 a - a +0 robe (worn)
 p - a +0 helmet (worn)
Scrolls
 c - a scroll of identify {unknown}
 d - 5 scrolls of teleportation {unknown}
 g - 3 scrolls of enchant armour {unknown}
 l - a scroll of blinking {unknown}
 m - 3 scrolls of immolation {unknown}
 n - a scroll of amnesia {unknown}
Potions
 b - a potion of magic
 h - 5 potions of curing {unknown}
 o - a potion of berserk rage {unknown}


   Skills:
 + Level 1.5 Fighting
 + Level 1.5 Polearms
 + Level 3.5 Dodging
 - Level 2.1 Stealth
 - Level 2.0 Spellcasting
 * Level 5.3 Ice Magic


You had 3 spell levels left.
You knew the following spells:

 Your Spells              Type           Power      Damage    Failure   Level
a - Freeze                Ice            72%        1d8       2%          1
b - Frozen Ramparts       Ice            36%        1d6       7%          3

Your spell library contained the following spells:

 Spells                   Type           Power      Damage    Failure   Level
 Ozocubu's Armour         Ice            18%        N/A       7%          3
 Shock                    Conj/Air       4%         1d3       21%         1
 Swiftness                Air            1%         N/A       52%         3
 Summon Ice Beast         Ice/Summ       10%        N/A       56%         4
 Airstrike                Air            0%         2d(1-17)  90%         4
 Animate Armour           Summ/Erth      2%         N/A       90%         4
 Blade Hands              Tmut           0%         N/A       99%         5
 Iron Shot                Conj/Erth      0%         9d1       100%        6


Dungeon Overview and Level Annotations

Branches:
Dungeon (3/15)

Altars:


Innate Abilities, Weirdness & Mutations

((You are very nimble when in or above water. (Stealth+, EV+, Speed+++)))
Your lower body shifts to a powerful aquatic tail in water.


Message History

Confirm with . or Enter, or press ? or * to list all spells.
Aiming: Freeze (safe; 2% risk of failure)
Press: ? - help, Shift-Dir - straight line, f/p - orc warrior
Aim: an orc warrior, wielding a +0 long sword and wearing a +0 chain mail (lightly wounded)
You freeze the orc warrior.
The orc warrior is moderately wounded.
The wall freezes the orc warrior but does no damage.
The orc warrior barely misses you.
The wall freezes something.
Casting: Freeze (safe; 2% risk of failure)
Confirm with . or Enter, or press ? or * to list all spells.
Aiming: Freeze (safe; 2% risk of failure)
Press: ? - help, Shift-Dir - straight line, f/p - orc warrior
Aim: an orc warrior, wielding a +0 long sword and wearing a +0 chain mail (moderately wounded)
You freeze the orc warrior.
The orc warrior is moderately wounded.
The wall freezes the orc.
The wall freezes the orc warrior but does no damage.
The orc warrior hits you with a +0 long sword!
The wall freezes something.
You shoot a sling bullet.
The sling bullet barely misses the orc warrior.
The wall freezes the orc.
You kill the orc!
The wall freezes the orc warrior but does no damage.
The orc warrior barely misses you.
The wall freezes something.
The wall freezes the orc warrior.
The orc warrior hits you with a +0 long sword.
The wall freezes the orc priest.
The wall freezes something.
The wall freezes the orc priest.
The wall freezes something but does no damage.
The wall freezes the orc warrior.
You shoot a sling bullet.
The sling bullet barely misses the orc warrior.
The frozen ramparts melt away.
The orc warrior hits you with a +0 long sword!
* * * LOW HITPOINT WARNING * * *
You hear some strange, mumbled words.
Something tries to affect you, but you resist.
The orc warrior hits you with a +0 long sword!
You die...

####.........#
...#.......#.# ..
##.#.........# .#
...........# )#
...........# .#
.....#.....# o#
...#.#####.# .#
.#.......#.# #######{###
...#.###.#.# #.....@o..#
##.#.......#####.........#
#[#.#...................#
#####.####..........# #.#
#....†.....# #.#
#..........#
#.####.######+### #......#
#####..#


You could see an orc warrior and an orc priest.

Vanquished Creatures
  2 adders
  A worm (D:2)
  2 orcs (D:3)
  2 endoplasms (D:1)
  A giant cockroach (D:2)
  3 goblins
  4 hobgoblins
  7 jackals
  4 quokkas
  7 ball pythons
  2 bats
  3 frilled lizards (D:1)
  7 kobolds
45 creatures vanquished.

Notes
Turn   | Place    | Note
-------+----------+-------------------------------------------
     0 | D:1      | night the Merfolk Ice Elementalist began the quest for the
                  | Orb.
     0 | D:1      | Reached XP level 1. HP: 13/13 MP: 3/3
   182 | D:1      | Reached XP level 2. HP: 12/20 MP: 1/5
   414 | D:1      | Reached skill level 1 in Fighting
   513 | D:1      | Reached XP level 3. HP: 26/26 MP: 6/6
   969 | D:2      | Reached skill level 5 in Ice Magic
   977 | D:2      | Learned a level 3 spell: Frozen Ramparts
   978 | D:2      | Reached skill level 1 in Polearms
  1339 | D:2      | Reached XP level 4. HP: 32/32 MP: 7/7
  1505 | D:3      | Noticed an orc warrior
  1513 | D:3      | Slain by an orc warrior

Illustrated notes

Levels and vault maps discovered:
D:1:      tarquinn_simple_flora_water_c, layout_basic, hangedman_decor_points
D:2:      layout_rooms, minivault_23
D:3:      layout_basic, xom_butterflies,
          mainiacjoe_overflow_concentric_impassable, minmay_shallow_snake_nest,
          uniq_grinder

Skill      XL: |  1  2  3 |
---------------+----------+-----
Dodging        | 3 |  3.5
Fighting       | 1 |  1.5
Ice Magic      | 5 |  5.3
Polearms       | 1 |  1.5
Stealth        | |  2.1
Spellcasting   | |  2.0

Action                   |  1- 3 |  4- 6 || total
-------------------------+-------+-------++-------
Melee: Dagger            |    20 |       ||    20
 Fire: Sling             |    36 |    11 ||    47
 Cast: Freeze            |    24 |     3 ||    27
       Frozen Ramparts   |       |     1 ||     1
Armor: Robe              |     4 |       ||     4
Dodge: Dodged            |    29 |     4 ||    33

Table legend: (Time is in decaauts)
 A = Elapsed time spent in this place.
 B = Non-inter-level travel time spent in this place.
 C = Inter-level travel time spent in this place.
 D = Time resting spent in this place.
 E = Time spent auto-exploring this place.
 F = Levels seen in this place.
 G = Mean time per level.
                   A        B        C        D        E       F      G
               +--------+--------+--------+--------+--------+-----+--------+
         Total |   1548 |   1505 |     43 |    123 |   1105 |   3 |  516.0 |
       Dungeon |   1548 |   1505 |     43 |    123 |   1105 |   3 |  516.0 |
               +--------+--------+--------+--------+--------+-----+--------+

Top non-repeatable levels by time:
     D:1: 967 daAuts
     D:2: 492 daAuts
     D:3: 88 daAuts
